MLB
MINNESOTA TWINS @ MILWAUKEE BREWERS
07/05/2049
 
TOP OF THE 1ST
Minnesota Twins batting - Pitching for Milwaukee Brewers : RHP Mekonen Mahfudh
Pitching: RHP Mekonen Mahfudh
Batting: LHB Peer Derks 0-0: Ball
1-0: Foul Ball, location: 2F
1-1: Called Strike
1-2: Ball
2-2: Ball
3-2: Hit by Pitch
Batting: RHB Will Leslie 0-0: Called Strike
0-1: Foul Ball, location: 2F
0-2: Ball
1-2: Strikes out swinging
Batting: RHB Greg Harman 0-0: Called Strike
Peer Derks steals 2nd base
0-1: Ball
1-1: SINGLE (Groundball, 56D, EV 107.5 MPH)
Peer Derks to third
Runner from 3rd tries for Home, SAFE, throw by LF to home
Greg Harman to second
Batting: RHB Miguel Gonzalez 0-0: Ball
1-0: Ball
2-0: Called Strike
2-1: Ball
3-1: DOUBLE (Line Drive, 7LS, EV 91.2 MPH)
Greg Harman scores
Batting: LHB Ryan Flynn Jr. 0-0: Foul Ball, location: 2F
0-1: Ball
1-1: Ball
2-1: Foul Ball, location: 2F
2-2: Foul Ball, location: 2F
2-2: Fly out, F7 (Flyball, 7D, EV 108.8 MPH)
Batting: RHB Miguel Diaz 0-0: Fly out, F8 (Line Drive, 8LM, EV 98.1 MPH)
Top of the 1st over - 2 runs, 2 hits, 0 errors, 1 left on base; Minnesota 2 - Milwaukee 0
BOTTOM OF THE 1ST
Milwaukee Brewers batting - Pitching for Minnesota Twins : RHP Bud Puffer
Pitching: RHP Bud Puffer
Batting: LHB Jason Peck 0-0: Ball
1-0: TRIPLE (Flyball, 9LD, EV 104.4 MPH)
Batting: RHB Akitada Nishizawa 0-0: Called Strike
0-1: Ball
1-1: Called Strike
1-2: Ball
2-2: Foul Ball, location: 2F
2-2: Strikes out looking
Batting: SHB Lewis Thorpe Jr. 0-0: Called Strike
0-1: Ball
1-1: Foul Ball, location: 2F
1-2: Ball
2-2: Strikes out swinging
Batting: RHB Joel Haycock 0-0: Ball
1-0: Ball
2-0: Called Strike
2-1: Foul Ball, location: 2F
2-2: Foul Ball, location: 2F
2-2: Strikes out swinging
Bottom of the 1st over - 0 runs, 1 hit, 0 errors, 1 left on base; Minnesota 2 - Milwaukee 0
TOP OF THE 2ND
Minnesota Twins batting - Pitching for Milwaukee Brewers : RHP Mekonen Mahfudh
Batting: LHB Per Meulengracht 0-0: Called Strike
0-1: Called Strike
0-2: Ground out 6-3 (Groundball, 6, EV 78.8 MPH)
Batting: RHB Matt Dunn 0-0: Ground out 6-3 (Groundball, 6, EV 106.2 MPH)
Batting: RHB Alex Rodriguez Jr. 0-0: Called Strike
0-1: Ball
1-1: Ball
2-1: Ball
3-1: Called Strike
3-2: Base on Balls
Batting: LHB Peer Derks 0-0: Called Strike
0-1: Swinging Strike
0-2: Fly out, F9 (Flyball, 9S, EV 91.2 MPH)
Top of the 2nd over - 0 runs, 0 hits, 0 errors, 1 left on base; Minnesota 2 - Milwaukee 0
BOTTOM OF THE 2ND
Milwaukee Brewers batting - Pitching for Minnesota Twins : RHP Bud Puffer
Batting: SHB Junzo Kato 0-0: Ground out 4-3 (Groundball, 4M, EV 92.5 MPH)
Batting: LHB Eric Klasek 0-0: Ball
1-0: Swinging Strike
1-1: Foul Ball, location: 2F
1-2: Strikes out looking
Batting: RHB Daniel Donovan 0-0: Foul Ball, location: 2F
0-1: Ball
1-1: Foul Ball, location: 2F
1-2: Ball
2-2: Foul Ball, location: 2F
2-2: Ball
3-2: Base on Balls
Batting: RHB Kisho Ito 0-0: Fly out, F8 (Line Drive, 8LD, EV 83.1 MPH)
Bottom of the 2nd over - 0 runs, 0 hits, 0 errors, 1 left on base; Minnesota 2 - Milwaukee 0
TOP OF THE 3RD
Minnesota Twins batting - Pitching for Milwaukee Brewers : RHP Mekonen Mahfudh
Batting: RHB Will Leslie 0-0: Called Strike
0-1: Ball
1-1: Ball
2-1: DOUBLE (Groundball, 5L, EV 95.0 MPH)
Batting: RHB Greg Harman 0-0: Fly out, F8 (Flyball, 8LD, EV 105.0 MPH)
Batting: RHB Miguel Gonzalez 0-0: Ball
1-0: Ball
2-0: Called Strike
2-1: Called Strike
2-2: Foul Ball, location: 2F
2-2: Foul Ball, location: 2F
2-2: Strikes out swinging
Batting: LHB Ryan Flynn Jr. 0-0: Swinging Strike
0-1: Hit by Pitch
Batting: RHB Miguel Diaz 0-0: Ball
1-0: Called Strike
1-1: Ground out 5-3 (Groundball, 56S, EV 90.0 MPH)
Top of the 3rd over - 0 runs, 1 hit, 0 errors, 2 left on base; Minnesota 2 - Milwaukee 0
BOTTOM OF THE 3RD
Milwaukee Brewers batting - Pitching for Minnesota Twins : RHP Bud Puffer
Batting: RHB Naofumi Ishida 0-0: Ground out 6-3 (Groundball, 6, EV 84.4 MPH)
Batting: LHB Jason Peck 0-0: Ball
1-0: SINGLE (Groundball, 56S, EV 73.8 MPH) (infield hit)
Batting: RHB Akitada Nishizawa 0-0: Foul Ball, location: 2F
0-1: Foul Ball, location: 2F
0-2: Foul Ball, location: 2F
0-2: Foul Ball, location: 2F
0-2: Foul Ball, location: 2F
0-2: Ball
1-2: Foul Ball, location: 2F
1-2: Ball
2-2: Foul Ball, location: 2F
2-2: Grounds into double play, 6-4-3 (Groundball, 6S, EV 90.0 MPH)
Bottom of the 3rd over - 0 runs, 1 hit, 0 errors, 0 left on base; Minnesota 2 - Milwaukee 0
TOP OF THE 4TH
Minnesota Twins batting - Pitching for Milwaukee Brewers : RHP Mekonen Mahfudh
Batting: LHB Per Meulengracht 0-0: Called Strike
0-1: Ball
1-1: Ball
2-1: Foul Ball, location: 2F
2-2: Ball
3-2: Strikes out looking
Batting: RHB Matt Dunn 0-0: Called Strike
0-1: Swinging Strike
0-2: Strikes out swinging
Batting: RHB Alex Rodriguez Jr. 0-0: Ball
1-0: Foul Ball, location: 2F
1-1: Ball
2-1: Foul Ball, location: 2F
2-2: Strikes out swinging
Top of the 4th over - 0 runs, 0 hits, 0 errors, 0 left on base; Minnesota 2 - Milwaukee 0
BOTTOM OF THE 4TH
Milwaukee Brewers batting - Pitching for Minnesota Twins : RHP Bud Puffer
Batting: SHB Lewis Thorpe Jr. 0-0: Ball
1-0: Ball
2-0: Ball
3-0: Base on Balls
Batting: RHB Joel Haycock 0-0: Grounds into double play, 6-4-3 (Groundball, 6, EV 93.1 MPH)
Batting: SHB Junzo Kato 0-0: Ball
1-0: Swinging Strike
1-1: Foul Ball, location: 2F
1-2: Foul Ball, location: 2F
1-2: Ball
2-2: Strikes out swinging
Bottom of the 4th over - 0 runs, 0 hits, 0 errors, 0 left on base; Minnesota 2 - Milwaukee 0
TOP OF THE 5TH
Minnesota Twins batting - Pitching for Milwaukee Brewers : RHP Mekonen Mahfudh
Batting: LHB Peer Derks 0-0: Ball
1-0: Called Strike
1-1: Ball
2-1: SINGLE (Line Drive, 8LS, EV 91.9 MPH)
Batting: RHB Will Leslie 0-0: Foul Ball, location: 2F
0-1: Called Strike
0-2: Ball
1-2: Ball
2-2: Foul Ball, location: 2F
2-2: Ball
3-2: Base on Balls
Peer Derks to second
Batting: RHB Greg Harman 0-0: Called Strike
0-1: Ball
1-1: Called Strike
1-2: Strikes out swinging
Batting: RHB Miguel Gonzalez 0-0: Called Strike
0-1: Ball
1-1: Called Strike
1-2: Ball
2-2: Grounds into double play, 5-4-3 (Groundball, 56S, EV 87.5 MPH)
Top of the 5th over - 0 runs, 1 hit, 0 errors, 1 left on base; Minnesota 2 - Milwaukee 0
BOTTOM OF THE 5TH
Milwaukee Brewers batting - Pitching for Minnesota Twins : RHP Bud Puffer
Batting: LHB Eric Klasek 0-0: Called Strike
0-1: Ball
1-1: Foul Ball, location: 2F
1-2: Foul Ball, location: 2F
1-2: DOUBLE (Groundball, 3L, EV 106.9 MPH)
Batting: RHB Daniel Donovan 0-0: Called Strike
0-1: Ball
1-1: Called Strike
1-2: Ball
2-2: Ball
3-2: Foul Ball, location: 2F
3-2: SINGLE (Flyball, 9LS, EV 91.2 MPH)
Eric Klasek to third
Runner from 3rd tries for Home, throw by RF and OUT! 9-2
Daniel Donovan to second
Batting: RHB Kisho Ito 0-0: Ball
1-0: Called Strike
1-1: Ball
2-1: Ground out 4-3 (Groundball, 4D, EV 106.2 MPH)
Daniel Donovan to third
Batting: RHB Naofumi Ishida 0-0: Called Strike
0-1: Swinging Strike
0-2: Ball
1-2: Ball
2-2: Ground out 2-3 (Groundball, 15S, EV 64.4 MPH)
Bottom of the 5th over - 0 runs, 2 hits, 0 errors, 1 left on base; Minnesota 2 - Milwaukee 0
TOP OF THE 6TH
Minnesota Twins batting - Pitching for Milwaukee Brewers : RHP Mekonen Mahfudh
Pitching: RHP John Owens
Batting: LHB Ryan Flynn Jr. 0-0: Ball
1-0: Ball
2-0: Ball
3-0: Called Strike
3-1: Base on Balls
Batting: RHB Miguel Diaz 0-0: Ball
1-0: Called Strike
1-1: Ball
2-1: Ball
3-1: Grounds into double play, 6-4-3 (Groundball, 6, EV 80.0 MPH)
Batting: LHB Per Meulengracht 0-0: Ball
1-0: Ground out 5-3 (Groundball, 56S, EV 71.9 MPH)
Top of the 6th over - 0 runs, 0 hits, 0 errors, 0 left on base; Minnesota 2 - Milwaukee 0
BOTTOM OF THE 6TH
Milwaukee Brewers batting - Pitching for Minnesota Twins : RHP Bud Puffer
Batting: LHB Jason Peck 0-0: Ball
1-0: SINGLE (Groundball, 34S, EV 61.2 MPH) (infield hit)
Batting: RHB Akitada Nishizawa 0-0: Called Strike
0-1: Ball
1-1: Ball
2-1: Ball
3-1: Grounds into double play, 1-6-3 (Groundball, 13S, EV 72.5 MPH)
Batting: SHB Lewis Thorpe Jr. 0-0: Foul Ball, location: 2F
0-1: Ball
1-1: Ball
2-1: Foul Ball, location: 2F
2-2: Ball
3-2: Base on Balls
Batting: RHB Joel Haycock 0-0: Called Strike
0-1: Called Strike
0-2: Reached on error, E9 (Flyball, 9, EV 91.9 MPH)
Lewis Thorpe Jr. to third
Batting: SHB Junzo Kato 0-0: Swinging Strike
0-1: Ball
1-1: SINGLE (Flyball, 4MD, EV 93.1 MPH)
Lewis Thorpe Jr. scores
Joel Haycock to third
Batting: LHB Eric Klasek 0-0: Called Strike
0-1: SINGLE (Groundball, 6MD, EV 102.5 MPH)
Joel Haycock scores
Junzo Kato to second
Runner from 2nd tries for 3rd, SAFE, throw by CF made to third
Batting: RHB Daniel Donovan 0-0: Called Strike
0-1: Ball
1-1: 3-RUN HOME RUN (Flyball, 7D, EV 103.8 MPH), Distance : 384 ft
Batting: RHB Kisho Ito 0-0: Ball
1-0: Ball
2-0: Foul Ball, location: 2F
2-1: Ball
3-1: Base on Balls
Batting: RHB Naofumi Ishida 0-0: Ball
1-0: Swinging Strike
1-1: Swinging Strike
1-2: Foul Ball, location: 2F
1-2: Foul Ball, location: 2F
1-2: Foul Ball, location: 2F
1-2: Strikes out looking
Bottom of the 6th over - 5 runs, 4 hits, 1 error, 1 left on base; Minnesota 2 - Milwaukee 5
TOP OF THE 7TH
Minnesota Twins batting - Pitching for Milwaukee Brewers : RHP John Owens
Batting: RHB Matt Dunn 0-0: Ground out 1-3 (Groundball, 13S, EV 66.2 MPH)
Batting: RHB Alex Rodriguez Jr. 0-0: Called Strike
0-1: Foul Ball, location: 2F
0-2: Ball
1-2: Strikes out looking
Batting: LHB Peer Derks 0-0: Foul Ball, location: 2F
0-1: Ball
1-1: Ball
2-1: Fly out, F7 (Flyball, 7, EV 71.9 MPH)
Top of the 7th over - 0 runs, 0 hits, 0 errors, 0 left on base; Minnesota 2 - Milwaukee 5
BOTTOM OF THE 7TH
Milwaukee Brewers batting - Pitching for Minnesota Twins : RHP Bud Puffer
Batting: LHB Jason Peck 0-0: Ground out 6-3 (Groundball, P, EV 85.6 MPH)
Batting: RHB Akitada Nishizawa 0-0: Ball
1-0: Foul Ball, location: 2F
1-1: Ball
2-1: Called Strike
2-2: Foul Ball, location: 2F
2-2: Ball
3-2: Base on Balls
Batting: SHB Lewis Thorpe Jr. 0-0: Ball
1-0: Ball
Akitada Nishizawa steals 2nd base (no throw)
2-0: Intentional Walk
Batting: RHB Joel Haycock 0-0: Foul Ball, location: 2F
0-1: Ball
1-1: Called Strike
1-2: Fly out, F8 (Flyball, 8RD, EV 86.2 MPH)
Batting: SHB Junzo Kato 0-0: SINGLE (Groundball, 34D, EV 103.8 MPH)
Akitada Nishizawa to third
Lewis Thorpe Jr. to second
Runner from 3rd tries for Home, SAFE, throw by RF to home
Batting: LHB Eric Klasek 0-0: Foul Ball, location: 2F
0-1: Foul Ball, location: 2F
0-2: Strikes out swinging
Bottom of the 7th over - 1 run, 1 hit, 0 errors, 2 left on base; Minnesota 2 - Milwaukee 6
TOP OF THE 8TH
Minnesota Twins batting - Pitching for Milwaukee Brewers : RHP John Owens
Pitching: RHP Jeff Urry
Batting: RHB Will Leslie 0-0: Ball
1-0: Foul Ball, location: 2F
1-1: Ball
2-1: Ball
3-1: Foul Ball, location: 2F
3-2: Base on Balls
Batting: RHB Greg Harman 0-0: Ball
1-0: Foul Ball, location: 2F
1-1: Foul Ball, location: 2F
1-2: Foul Ball, location: 2F
1-2: Ball
2-2: Fly out, F7 (Line Drive, 7LS, EV 95.0 MPH)
Batting: RHB Miguel Gonzalez 0-0: Ball
1-0: Ball
2-0: SINGLE (Groundball, 56D, EV 103.8 MPH)
Will Leslie to second
Batting: LHB Ryan Flynn Jr. 0-0: Foul Ball, location: 2F
0-1: Hit by Pitch
Will Leslie to third
Miguel Gonzalez to second
Batting: RHB Miguel Diaz 0-0: Called Strike
0-1: Called Strike
0-2: Grounds into double play, 3-6-1 (Groundball, 3, EV 105.0 MPH)
Top of the 8th over - 0 runs, 1 hit, 0 errors, 2 left on base; Minnesota 2 - Milwaukee 6
BOTTOM OF THE 8TH
Milwaukee Brewers batting - Pitching for Minnesota Twins : RHP Bud Puffer
Batting: RHB Daniel Donovan 0-0: Ball
1-0: Called Strike
1-1: Ball
2-1: SINGLE (Flyball, 4D, EV 98.8 MPH)
Pitching: RHP Tony Ramirez
Batting: RHB Kisho Ito 0-0: Called Strike
0-1: Ball
Daniel Donovan steals 2nd base
1-1: Ball
2-1: Ball
3-1: Base on Balls
Batting: RHB Naofumi Ishida 0-0: Swinging Strike
0-1: Called Strike
0-2: Foul Ball, location: 2F
0-2: Ball
1-2: Strikes out looking
Batting: LHB Jason Peck 0-0: Called Strike
0-1: Ball
1-1: Ball
2-1: Foul Ball, location: 2F
2-2: Foul Ball, location: 2F
2-2: Ball
3-2: Grounds into double play, U3-6 (Groundball, 3L, EV 78.8 MPH)
Bottom of the 8th over - 0 runs, 1 hit, 0 errors, 1 left on base; Minnesota 2 - Milwaukee 6
TOP OF THE 9TH
Minnesota Twins batting - Pitching for Milwaukee Brewers : RHP Jeff Urry
Pitching: RHP Javy Uribe
Batting: LHB Per Meulengracht 0-0: Called Strike
0-1: Swinging Strike
0-2: Ball
1-2: Ball
2-2: Ball
3-2: Base on Balls
Batting: RHB Matt Dunn 0-0: Called Strike
0-1: Grounds into double play, 4-6-3 (Groundball, 4, EV 82.5 MPH)
Batting: RHB Alex Rodriguez Jr. 0-0: Ball
1-0: Ball
2-0: Called Strike
2-1: Swinging Strike
2-2: Fly out, F9 (Flyball, 9, EV 80.6 MPH)
Top of the 9th over - 0 runs, 0 hits, 0 errors, 0 left on base; Minnesota 2 - Milwaukee 6
Sunday, July 16th , 2023 - OOTP Baseball 24.6 Build 69